 Dungeon Crawl Stone Soup version 0.28-a0-1624-g820543e53a (webtiles) character file.

Game seed: 5214648145509283074

3459 soggyman666 the Thaumaturge (level 10, -13/62 HPs)
             Began as a Djinni Fire Elementalist on Jan 23, 2022.
             Was an Initiate of Hepliaklqana.
             Killed from afar by a gargoyle (15 damage)
             ... with a stone arrow
             ... in a bailey.
             The game lasted 00:32:03 (13543 turns).

soggyman666 the Thaumaturge (DjFE)                 Turns: 13543, Time: 00:32:04

Health: -13/62     AC:  2    Str:  7    XL:     10   Next: 26%
Gold:   441        EV: 14    Int: 22    God:    Hepliaklqana [......] SH:  0 Dex: 13

rFire   + + .      SeeInvis .   k - staff of air
rCold   x . .      Faith    .   (no shield)
rNeg    . . .      Spirit   .   a - +0 robe
rPois   ∞          Reflect  .   (no helmet)
rElec   +          Harm     .   (no cloak)
rCorr   .          Rampage  .   (no gloves)
Will    +....                   (boots unavailable)
Stlth   ++........              (no amulet)
HPRegen 0.20/turn               (no ring)
MPRegen 0.00/turn               (no ring)

@: flying
A: sickness immunity, fire resistance 2, cold vulnerability 1, float, innate
caster, hp casting, extra vitality 1
a: Renounce Religion


You were in a bailey.
You worshipped Hepliaklqana.
Hepliaklqana was noncommittal.
You visited 2 branches of the dungeon, and saw 8 of its levels.
You also visited: Sewer and Bailey.

You collected 441 gold pieces.

Inventory:

Missiles
 b - 160 stones
 s - a throwing net
Armour
 a - a +0 robe (worn)
 g - a +0 helmet
Magical Staves
 k - a staff of air (weapon)
Jewellery
 q - a +6 ring of strength
Wands
 e - a wand of mindburst (18)
 h - a wand of acid (11)
 l - a wand of flame (15)
Scrolls
 c - a scroll of fear
 j - 2 scrolls of blinking
 n - a scroll of teleportation {unknown}
 o - 4 scrolls of identify
 p - a scroll of summoning {unknown}
 r - 2 scrolls of enchant weapon {unknown}
 t - a scroll of torment {unknown}
Potions
 d - 3 potions of brilliance {unknown}
 f - a potion of invisibility {unknown}
 i - a potion of curing {unknown}
 m - 2 potions of lignification {unknown}
 u - a potion of flight {unknown}
 v - a potion of magic {unknown}


   Skills:
 - Level 1.0 Fighting
 - Level 0.3 Staves
 * Level 5.8 Dodging
 - Level 2.6 Stealth
 + Level 9.5 Spellcasting
 * Level 3.6 Invocations
 - Level 2.3 Evocations


You had 7 spell levels left.
You knew the following spells:

 Your Spells              Type           Power      Damage    Failure   Level
a - Foxfire               Conj/Fire      100%       2x1d9     1%          1
b - Scorch                Fire           100%       2d10      1%          2
c - Conjure Flame         Conj/Fire      51%        6-21      1%          3
d - Inner Flame           Hex/Fire       51%        N/A       1%          3
e - Flame Wave            Conj/Fire      51%        2d10      1%          4
f - Animate Skeleton      Necr           100%       N/A       1%          1
g - Wereblood             Tmut           51%        N/A       1%          2
h - Ensorcelled Hibernat  Hex/Ice        100%       N/A       1%          2
i - Lesser Beckoning      Tloc           51%        N/A       1%          3
Your spell library was empty.

Dungeon Overview and Level Annotations

Branches:
Dungeon (7/15)             Temple (1/1) D:4           Sewer (visited)
 Bailey (1/1)

Altars:
Ashenzari
Cheibriados
Dithmenos
Fedhas
Gozag
Hepliaklqana
Kikubaaqudgha
Makhleb
Nemelex Xobeh
Qazlal
Ru
Sif Muna
Trog
Uskayaw
Wu Jian
Xom
Zin
The Shining One

Shops:
D:4 (


Innate Abilities, Weirdness & Mutations

You are immune to sickness and miasma.
You are immune to poison.
Your flesh is very heat resistant. (rF++)
You are vulnerable to cold. (rC-)
You float through the air rather than walking.
You learn spells naturally, not from books.
Your magical power is your life essence.
You have superior vitality. (+4 MHP)


Message History

The stone arrow hits you!!
You see here a +0 trident.
You see here a +0 spear.
The gargoyle hurls a stone arrow at you.
The stone arrow misses you.
There is an open door here.
There is an open door here.
Things that are here:
a +0 spear; a +0 spear
Things that are here:
a +0 spear; a +0 spear; a +0 halberd
Casting: Scorch (safe; 1% risk of failure)
Confirm with . or Enter, or press ? or * to list all spells.
Okay, then.
Casting: Scorch (safe; 1% risk of failure)
Confirm with . or Enter, or press ? or * to list all spells.
You can't see any susceptible monsters within range! (Use Z to cast anyway.) Unknown command.
Unknown command.
Casting: Scorch (safe; 1% risk of failure)
Confirm with . or Enter, or press ? or * to list all spells.
You can't see any susceptible monsters within range! (Use Z to cast anyway.) Unknown command.
You conjure some foxfire!
You conjure some foxfire!
The foxfire hits the gargoyle but does no damage. x2
The gargoyle hurls a stone arrow at you.
The stone arrow hits you!!
You are too injured to fight recklessly!
Unknown command.
Your foxfire dissipates!
The foxfire hits the gargoyle!
The gargoyle is moderately damaged.
The gargoyle hurls a stone arrow at you.
The stone arrow hits you!!
* * * LOW HITPOINT WARNING * * *
The gargoyle is engulfed in a cloud of scalding steam.
The gargoyle hurls a stone arrow at you.
The stone arrow hits you!
You die...

##......## #..∩..∩..#
#........# ###...)..###
##...9......##
♣♣♣♣♣♣♣♣♣#....#..#)...#♣♣
♣≈≈≈≈≈≈≈≈≈≈9≈≈#..#≈≈≈≈≈≈♣
≈≈≈≈≈≈≈≈≈≈≈≈≈≈#..#≈≈≈≈≈≈♣
≈.....)§......#.@#####♣♣♣
.....#)########..#...#
...8.#.......##..#...#
.....#.......##..#...#
.....#9#####+##..#...#
.8..##........#..#...#
....#............)...#
..8.#............)...#
...##...)..........####


You could see a gargoyle.

Vanquished Creatures
  4 yaks
  Eustachio (D:5)
  An orc warrior (D:4)
  3 sky beasts
  2 black bears (D:5)
  2 ice beasts
  2 ogres
  2 bullfrogs (Sewer)
  A wyvern skeleton (D:6)
  8 vampire bats (Bailey)
  2 howler monkeys (D:6)
  6 wolf zombies (Bailey)
  A bullfrog zombie (D:5)
  A centaur zombie (D:5)
  A hound (D:6)
  5 jellies
  3 orc priests
  A gnoll shaman (D:5)
  3 iguanas
  3 orc wizards
  A hound zombie (D:5)
  2 hound skeletons
  13 gnolls
  20 orc zombies (Bailey)
  13 adders
  2 white imps (D:6)
  An ufetubus (D:6)
  A worm zombie (D:4)
  An adder skeleton (D:4)
  An adder zombie (D:5)
  A worm (D:2)
  3 dart slugs
  15 orcs
  6 bats
  15 endoplasms
  7 giant cockroaches
  8 goblins
  9 hobgoblins
  6 quokkas
  8 ball pythons
  9 frilled lizards
  7 kobolds
  4 rats
205 creatures vanquished.

Vanquished Creatures (others)
  A goblin (D:3)
  1011 foxfires
  A plant (Temple)
1013 creatures vanquished.

Grand Total: 1218 creatures vanquished

Notes
Turn   | Place    | Note
-------+----------+-------------------------------------------
     0 | D:1      | soggyman666 the Djinni Fire Elementalist began the quest
                  | for the Orb.
     0 | D:1      | Reached XP level 1. HP: 15/15 MP: 0/0
   728 | D:1      | Reached XP level 2. HP: 17/21 MP: 0/0
  1478 | D:1      | Reached skill level 3 in Spellcasting
  1753 | D:1      | Reached XP level 3. HP: 22/25 MP: 0/0
  1753 | D:1      | Learned a level 1 spell: Animate Skeleton
  2414 | D:2      | Noticed an ogre
  2966 | D:2      | Reached XP level 4. HP: 17/31 MP: 0/0
  3446 | D:2      | Killed an ogre
  3447 | D:2      | Reached skill level 1 in Fighting
  3447 | D:2      | Reached skill level 4 in Spellcasting
  3447 | D:2      | Reached XP level 5. HP: 21/37 MP: 0/0
  3447 | D:2      | Learned a level 2 spell: Wereblood
  4359 | D:3      | Reached XP level 6. HP: 38/42 MP: 0/0
  4629 | D:3      | Found a faded altar of an unknown god.
  5081 | D:3      | Noticed an ice beast
  5096 | D:3      | Killed an ice beast
  5097 | D:3      | Reached skill level 5 in Spellcasting
  5242 | D:3      | Found a sparkling altar of Nemelex Xobeh.
  5786 | D:4      | Found Fiok's Antique Weapon Shop.
  5826 | D:4      | Reached XP level 7. HP: 41/47 MP: 0/0
  5826 | D:4      | Learned a level 2 spell: Ensorcelled Hibernation
  5922 | D:4      | Found a glowing drain.
  5927 | Sewer    | Entered a sewer
  6953 | Sewer    | Reached skill level 6 in Spellcasting
  7332 | D:4      | Found a glowing golden altar of the Shining One.
  7539 | D:4      | Reached XP level 8. HP: 26/52 MP: 0/0
  7732 | D:4      | Found a staircase to the Ecumenical Temple.
  7873 | D:5      | Entered Level 5 of the Dungeon
  7921 | D:5      | Reached skill level 1 in Evocations
  8000 | D:5      | Noticed Eustachio
  8007 | D:5      | Killed Eustachio
  8355 | D:5      | Reached skill level 7 in Spellcasting
  8728 | Temple   | Entered the Ecumenical Temple
  9194 | Temple   | Became a worshipper of Hepliaklqana the Forgotten
  9418 | D:5      | Reached XP level 9. HP: 52/57 MP: 0/0
  9418 | D:5      | Learned a level 3 spell: Lesser Beckoning
  9586 | D:5      | Reached skill level 1 in Invocations
  9840 | D:5      | Reached skill level 8 in Spellcasting
 10627 | D:6      | Reached skill level 5 in Dodging
 11217 | D:6      | Reached XP level 10. HP: 58/62 MP: 0/0
 11321 | D:6      | Reached skill level 9 in Spellcasting
 11505 | D:6      | Found a bloodstained altar of Trog.
 11875 | D:7      | Found a flagged portal.
 11884 | Bailey   | Entered a bailey
 13114 | Bailey   | HP: 2/62 [orc warrior zombie (11)]
 13495 | Bailey   | Noticed a gargoyle
 13536 | Bailey   | HP: 1/62 [gargoyle/stone arrow (19)]
 13543 | Bailey   | Killed from afar by a gargoyle

Illustrated notes

Levels and vault maps discovered:
D:1:      matt_arrival_refuge, layout_basic, serial_co_window_serial,
          co_window_paths_a, co_window_of_opportunity_a, co_window_paths_b,
          co_window_of_opportunity_a, co_window_paths_b,
          co_window_unsneaky_path_b, co_window_paths_c, co_window_cross_4,
          co_window_broadway_a, co_window_4corner_a, glass_columns_a
D:2:      layout_loops_ring
D:3:      layout_loops_ring, nemelex_diamond_rough_becter,
          hellmonk_ecumenical_altar_lost_god,
          hangedman_abyss_or_decor_lesser_grid, nrook_campfire,
          corexii_item_surrounded_by_moat
D:4:      layout_rooms, old_standard_altar, minmay_temple_entry_from_below_a,
          portal_sewer_entry_e, enter_ossuary_3, serial_shops,
          kennysheep_mini_moat
D:5:      layout_loops_cross, hex_large, grunt_ministairs_9,
          hangedman_decor_push, uniq_eustachio
D:6:      layout_basic, mainiacjoe_overflow_catwalk, minmay_fractal_squares_5
D:7:      layout_layer_cave, enter_bailey_8, serial_shops, shop,
          nicolae_shop_advertising_works [nicolae_subvault_shop_adworks], shop,
          kennysheep_little_box, shop
Temple:   regret_index_temple_generic_petals
Bailey:   bailey_polearm_vampire_castle_hellmonk, bailey

Skill      XL: |  1  2  3  4  5  6  7  8  9 10 |
---------------+-------------------------------+-----
Spellcasting   | 3 4 5 6 7 8 9 |  9.5
Fighting       | 1 |  1.0
Stealth        | 2 |  2.6
Dodging        | 4 5 |  5.8
Evocations     | 2 |  2.3
Invocations    | 2 3 |  3.6
Staves         | |  0.3

Action                   |  1- 3 |  4- 6 |  7- 9 | 10-12 || total
-------------------------+-------+-------+-------+-------++-------
Melee: Staff             |       |       |     2 |       ||     2
 Cast: Foxfire           |    64 |   114 |   316 |   111 ||   605
       Scorch            |    10 |    22 |    66 |    26 ||   124
       Animate Skeleton  |     1 |     5 |       |       ||     6
       Conjure Flame     |     1 |     3 |     9 |     2 ||    15
       Wereblood         |       |     6 |       |       ||     6
       Ensorcelled Hiber |       |       |     1 |       ||     1
       Lesser Beckoning  |       |       |       |     7 ||     7
       Flame Wave        |       |       |       |     2 ||     2
  Use: Scroll            |       |     6 |     1 |       ||     7
Armor: Robe              |     2 |     2 |     2 |     3 ||     9
Dodge: Dodged            |     9 |     5 |    19 |    33 ||    66

Table legend: (Time is in decaauts)
 A = Elapsed time spent in this place.
 B = Non-inter-level travel time spent in this place.
 C = Inter-level travel time spent in this place.
 D = Time resting spent in this place.
 E = Time spent auto-exploring this place.
 F = Levels seen in this place.
 G = Mean time per level.
                   A        B        C        D        E       F      G
               +--------+--------+--------+--------+--------+-----+--------+
         Total |  13546 |  12741 |    805 |   2093 |   8921 |  10 | 1354.6 |
       Dungeon |  10272 |   9748 |    524 |   1260 |   7356 |   7 | 1467.4 |
        Temple |    524 |    243 |    281 |      0 |    179 |   1 |  524.0 |
         Sewer |   1091 |   1091 |      0 |      0 |    894 |   1 | 1091.0 |
        Bailey |   1658 |   1658 |      0 |    833 |    492 |   1 | 1658.0 |
               +--------+--------+--------+--------+--------+-----+--------+

Top non-repeatable levels by time:
     D:1: 2505 daAuts
     D:6: 1764 daAuts
     D:2: 1688 daAuts
     D:5: 1679 daAuts
  Bailey: 1658 daAuts
     D:3: 1449 daAuts
     D:4: 1157 daAuts
   Sewer: 1091 daAuts
  Temple: 524 daAuts
     D:7: 27 daAuts
